[ PARTIDA AOE2 · #458160353 ]
Team RMEspañoles vs Maya
[ ANÁLISIS DE REPETICIÓN · EXTRAÍDO DE LA PARTIDA GRABADA ]
Feudal
11:33
Castillos
16:29
Imperial
—
| APM promedio | 41.3 |
| APM pico | 97 |
| eAPM promedio | 18.9 |
| Aldeanos / militares | 107 / 51 |
Foco
⚔️ 14.3% · 🌾 85.7%
Conquistador ×41 · Scorpion ×9 · Mangonel ×1
Feudal
9:28
Castillos
21:34
Imperial
—
| APM promedio | 27.4 |
| APM pico | 59 |
| eAPM promedio | 13.5 |
| Aldeanos / militares | 75 / 39 |
Foco
⚔️ 20.3% · 🌾 79.7%
Eagle Scout ×16 · Militia ×14 · Archer ×9
Feudal
10:06
Castillos
19:30
Imperial
—
| APM promedio | 39.9 |
| APM pico | 111 |
| eAPM promedio | 19.2 |
| Aldeanos / militares | 94 / 99 |
Foco
⚔️ 31.1% · 🌾 68.9%
Ghulam ×87 · Mangonel ×8 · Monk ×3 · Spearman ×1
Feudal
9:26
Castillos
19:55
Imperial
32:00
| APM promedio | 35.8 |
| APM pico | 77 |
| eAPM promedio | 21.3 |
| Aldeanos / militares | 117 / 74 |
Foco
⚔️ 32.1% · 🌾 67.9%
Skirmisher ×28 · Berserk ×23 · Militia ×11 · Archer ×6 · Trebuchet (Packed) ×4 · Monk ×2
Mapa de la partida
Recursos al inicio + cada clic de construcción. Línea gruesa = muro · recuadro discontinuo = muro de casas detectado. 🟡 oro · ⚪ piedra · 🟢 bayas · 🔶 jabalí · ⭕ reliquia
Inputs por minuto
— Toco - - antho.siret
Build order — Toco
Primeras 150 de 167 acciones detectadas
| 0:01 | Crear | Villager (Male) ×4 |
| 0:02 | Crear | Villager (Male) ×4 |
| 0:03 | Construir | House |
| 0:05 | Construir | House |
| 1:29 | Crear | Villager (Male) |
| 1:29 | Crear | Villager (Male) |
| 1:29 | Crear | Villager (Male) |
| 1:47 | Construir | Lumber Camp |
| 1:59 | Crear | Villager (Male) |
| 2:00 | Crear | Villager (Male) |
| 2:30 | Crear | Villager (Male) |
| 2:30 | Crear | Villager (Male) |
| 2:50 | Crear | Villager (Male) |
| 2:50 | Crear | Villager (Male) |
| 2:50 | Crear | Villager (Male) |
| 3:13 | Crear | Villager (Male) |
| 3:13 | Crear | Villager (Male) |
| 3:13 | Crear | Villager (Male) |
| 3:50 | Crear | Villager (Male) |
| 3:51 | Crear | Villager (Male) |
| 3:51 | Crear | Villager (Male) |
| 4:00 | Construir | Mill |
| 4:04 | Crear | Villager (Male) |
| 4:04 | Crear | Villager (Male) |
| 4:04 | Crear | Villager (Male) |
| 4:30 | Crear | Villager (Male) |
| 4:31 | Crear | Villager (Male) |
| 4:45 | Investigar | Loom |
| 4:54 | Construir | House |
| 5:13 | Crear | Villager (Male) |
| 5:30 | Crear | Villager (Male) ×4 |
| 5:30 | Crear | Villager (Male) ×4 |
| 5:30 | Crear | Villager (Male) ×4 |
| 6:10 | Construir | Mill |
| 6:18 | Crear | Villager (Male) ×3 |
| 6:18 | Crear | Villager (Male) ×3 |
| 6:51 | Construir | House |
| 7:32 | Construir | Mining Camp |
| 7:35 | Crear | Villager (Male) ×5 |
| 7:35 | Crear | Villager (Male) ×5 |
| 8:01 | Crear | Villager (Male) |
| 8:52 | Crear | Villager (Male) |
| 9:09 | Construir | Mill |
| 9:20 | Investigar | Feudal Age |
| 11:14 | Crear | Villager (Male) |
| 11:19 | Construir | House |
| 11:25 | Construir | Palisade Wall |
| 11:33 | Edad | Edad Feudal |
| 11:39 | Construir | Market |
| 11:43 | Construir | Blacksmith |
| 13:49 | Investigar | Castle Age |
| 16:29 | Edad | Edad de los Castillos |
| 16:31 | Construir | Castle |
| 18:51 | Crear | Conquistador |
| 18:51 | Crear | Conquistador |
| 18:51 | Crear | Conquistador |
| 19:58 | Crear | Conquistador |
| 19:58 | Crear | Conquistador |
| 20:23 | Construir | Mining Camp |
| 20:29 | Crear | Conquistador |
| 20:29 | Crear | Conquistador |
| 20:29 | Crear | Conquistador |
| 21:33 | Crear | Conquistador |
| 21:33 | Crear | Conquistador |
| 21:48 | Crear | Conquistador |
| 21:48 | Crear | Conquistador |
| 23:01 | Crear | Conquistador |
| 23:01 | Crear | Conquistador |
| 24:00 | Construir | Siege Workshop |
| 24:09 | Crear | Conquistador |
| 24:52 | Crear | Mangonel |
| 25:29 | Construir | Mining Camp |
| 26:19 | Crear | Conquistador |
| 26:20 | Crear | Conquistador |
| 26:50 | Crear | Conquistador |
| 26:50 | Crear | Conquistador |
| 27:22 | Construir | Farm |
| 27:23 | Construir | Farm |
| 27:26 | Construir | Farm |
| 27:26 | Construir | Farm |
| 27:27 | Construir | Farm |
| 28:19 | Crear | Scorpion |
| 28:19 | Crear | Scorpion |
| 28:20 | Crear | Scorpion |
| 28:34 | Construir | Farm |
| 28:42 | Crear | Villager (Male) |
| 28:42 | Crear | Villager (Male) |
| 28:42 | Crear | Villager (Male) |
| 29:58 | Crear | Conquistador |
| 29:59 | Crear | Conquistador |
| 29:59 | Crear | Conquistador |
| 30:04 | Crear | Villager (Male) |
| 31:54 | Crear | Villager (Male) ×4 |
| 32:09 | Construir | Town Center |
| 32:50 | Crear | Villager (Male) |
| 33:09 | Construir | Lumber Camp |
| 33:18 | Crear | Villager (Male) |
| 33:19 | Crear | Villager (Male) |
| 33:22 | Crear | Scorpion ×2 |
| 33:22 | Crear | Scorpion ×2 |
| 33:23 | Crear | Scorpion ×2 |
| 33:45 | Crear | Villager (Male) |
| 34:10 | Crear | Villager (Male) |
| 34:10 | Crear | Villager (Male) |
| 34:21 | Crear | Villager (Male) |
| 34:26 | Construir | House |
| 34:38 | Investigar | Horse Collar |
| 34:52 | Crear | Villager (Male) ×2 |
| 34:52 | Crear | Villager (Male) ×2 |
| 35:04 | Crear | Villager (Male) |
| 35:43 | Construir | Farm |
| 35:45 | Crear | Villager (Male) |
| 35:55 | Construir | Farm |
| 35:55 | Construir | Farm |
| 35:55 | Construir | Farm |
| 35:56 | Construir | Farm |
| 35:56 | Construir | Farm |
| 36:04 | Crear | Villager (Male) |
| 36:18 | Crear | Villager (Male) ×4 |
| 36:18 | Crear | Villager (Male) ×4 |
| 36:18 | Crear | Villager (Male) ×4 |
| 36:21 | Construir | Farm |
| 36:22 | Construir | Farm |
| 36:22 | Construir | Farm |
| 37:03 | Crear | Villager (Male) |
| 37:06 | Crear | Villager (Male) ×2 |
| 37:06 | Crear | Villager (Male) ×2 |
| 37:22 | Crear | Conquistador ×2 |
| 37:22 | Crear | Conquistador ×2 |
| 37:28 | Construir | Farm |
| 37:28 | Construir | Farm |
| 37:28 | Construir | Farm |
| 37:29 | Construir | Farm |
| 37:29 | Construir | Farm |
| 37:38 | Crear | Villager (Male) |
| 37:38 | Crear | Villager (Male) ×2 |
| 37:38 | Crear | Villager (Male) ×2 |
| 37:38 | Crear | Villager (Male) |
| 37:41 | Construir | Farm |
| 37:51 | Construir | Farm |
| 38:01 | Crear | Conquistador |
| 38:01 | Crear | Conquistador |
| 38:01 | Crear | Conquistador |
| 38:14 | Crear | Conquistador |
| 38:15 | Crear | Conquistador |
| 38:22 | Construir | Farm |
| 38:22 | Construir | Farm |
| 38:23 | Construir | Farm |
| 38:23 | Construir | Farm |
| 38:23 | Construir | Farm |
Build order — antho.siret
Primeras 150 de 221 acciones detectadas
| 0:01 | Investigar | Loom |
| 0:01 | Investigar | Loom |
| 0:03 | Construir | House |
| 0:05 | Construir | House |
| 0:11 | Crear | Villager (Male) |
| 0:12 | Crear | Villager (Male) |
| 0:12 | Crear | Villager (Male) |
| 1:32 | Crear | Villager (Male) |
| 1:48 | Construir | Lumber Camp |
| 2:14 | Crear | Villager (Male) |
| 2:15 | Crear | Villager (Male) |
| 3:00 | Crear | Villager (Male) |
| 3:15 | Crear | Villager (Male) |
| 3:48 | Crear | Villager (Male) |
| 3:58 | Construir | House |
| 4:18 | Crear | Villager (Male) |
| 4:18 | Crear | Villager (Male) |
| 4:59 | Crear | Villager (Male) |
| 5:27 | Crear | Villager (Male) |
| 5:49 | Crear | Villager (Male) |
| 5:57 | Construir | Mill |
| 6:00 | Crear | Villager (Male) |
| 6:25 | Crear | Villager (Male) |
| 7:18 | Investigar | Feudal Age |
| 7:32 | Construir | Mining Camp |
| 8:11 | Construir | Barracks |
| 8:26 | Construir | Palisade Wall |
| 8:29 | Crear | Villager (Male) |
| 9:13 | Construir | House |
| 9:15 | Construir | House |
| 9:28 | Edad | Edad Feudal |
| 9:37 | Construir | Archery Range |
| 9:57 | Crear | Villager (Male) |
| 10:19 | Construir | Palisade Wall |
| 10:26 | Construir | Blacksmith |
| 10:30 | Investigar | Double-Bit Axe |
| 10:32 | Crear | Archer |
| 10:32 | Crear | Archer |
| 10:37 | Crear | Villager (Male) |
| 11:01 | Crear | Villager (Male) |
| 11:07 | Construir | House |
| 11:13 | Construir | Farm |
| 11:13 | Construir | Farm |
| 11:14 | Construir | Farm |
| 11:14 | Construir | Farm |
| 11:15 | Construir | Farm |
| 11:20 | Crear | Villager (Male) |
| 11:29 | Construir | Farm |
| 11:33 | Crear | Villager (Male) |
| 11:38 | Crear | Archer |
| 11:38 | Crear | Archer |
| 11:39 | Crear | Archer |
| 12:02 | Construir | Palisade Wall |
| 12:25 | Crear | Villager (Male) |
| 12:50 | Crear | Villager (Male) |
| 12:55 | Construir | Farm |
| 12:55 | Construir | Farm |
| 13:00 | Investigar | Fletching |
| 13:18 | Construir | Farm |
| 13:18 | Construir | Farm |
| 13:18 | Construir | Farm |
| 13:22 | Crear | Villager (Male) |
| 13:37 | Construir | Palisade Wall |
| 13:41 | Construir | House |
| 13:47 | Construir | Farm |
| 13:48 | Crear | Villager (Male) |
| 13:58 | Investigar | Horse Collar |
| 14:30 | Crear | Villager (Male) |
| 14:38 | Construir | House |
| 14:40 | Construir | House |
| 14:48 | Crear | Villager (Male) |
| 15:15 | Crear | Villager (Male) |
| 15:19 | Construir | Farm |
| 15:19 | Construir | Farm |
| 15:21 | Construir | Farm |
| 15:24 | Construir | House |
| 15:25 | Construir | House |
| 15:29 | Crear | Villager (Male) |
| 16:12 | Investigar | Wheelbarrow |
| 16:31 | Construir | House |
| 16:42 | Construir | Building 796 |
| 17:30 | Crear | Villager (Male) |
| 17:37 | Construir | Farm |
| 17:37 | Construir | Farm |
| 17:37 | Construir | Farm |
| 17:37 | Construir | Farm |
| 17:38 | Construir | Farm |
| 17:38 | Construir | Farm |
| 17:43 | Construir | Farm |
| 17:56 | Crear | Villager (Male) |
| 18:05 | Construir | Palisade Wall |
| 18:23 | Construir | Farm |
| 18:28 | Construir | Farm |
| 18:36 | Crear | Archer |
| 18:36 | Crear | Archer |
| 18:37 | Crear | Archer |
| 18:39 | Crear | Archer |
| 18:54 | Investigar | Castle Age |
| 18:54 | Investigar | Castle Age |
| 19:23 | Crear | Villager (Male) |
| 19:39 | Construir | Palisade Wall |
| 19:51 | Construir | House |
| 20:04 | Investigar | Gold Mining |
| 20:15 | Construir | Barracks |
| 20:17 | Construir | Barracks |
| 20:22 | Investigar | Forging |
| 20:24 | Investigar | Scale Mail Armor |
| 21:14 | Construir | Palisade Wall |
| 21:34 | Edad | Edad de los Castillos |
| 21:35 | Construir | Mining Camp |
| 21:43 | Construir | Farm |
| 21:46 | Investigar | Eagle Warrior (upgrade) |
| 22:00 | Construir | Town Center |
| 22:03 | Crear | Villager (Male) |
| 22:24 | Construir | Farm |
| 22:25 | Crear | Villager (Male) |
| 22:39 | Investigar | Bow Saw |
| 23:13 | Crear | Eagle Scout |
| 23:13 | Crear | Eagle Scout |
| 23:14 | Crear | Eagle Scout |
| 23:37 | Crear | Villager (Male) |
| 23:39 | Crear | Villager (Male) |
| 23:53 | Crear | Eagle Scout |
| 23:53 | Crear | Eagle Scout |
| 24:25 | Crear | Villager (Male) |
| 24:25 | Crear | Villager (Male) |
| 24:32 | Crear | Eagle Scout |
| 24:33 | Crear | Eagle Scout |
| 24:33 | Crear | Eagle Scout |
| 25:04 | Crear | Villager (Male) |
| 25:05 | Crear | Villager (Male) |
| 25:05 | Crear | Villager (Male) |
| 25:26 | Crear | Eagle Scout |
| 25:26 | Crear | Eagle Scout |
| 25:27 | Crear | Eagle Scout |
| 25:27 | Crear | Eagle Scout |
| 25:43 | Crear | Villager (Male) |
| 25:54 | Construir | Town Center |
| 25:57 | Crear | Villager (Male) |
| 26:09 | Crear | Eagle Scout |
| 26:09 | Crear | Eagle Scout |
| 26:16 | Crear | Villager (Male) |
| 26:21 | Crear | Villager (Male) |
| 26:22 | Crear | Villager (Male) |
| 26:51 | Construir | Market |
| 26:55 | Crear | Villager (Male) |
| 26:57 | Crear | Villager (Male) |
| 27:21 | Crear | Villager (Male) |
| 27:21 | Crear | Villager (Male) |
| 27:28 | Crear | Eagle Scout |
Build order — JDIV
Primeras 150 de 296 acciones detectadas
| 0:00 | Crear | Villager (Male) |
| 0:01 | Crear | Villager (Male) |
| 0:02 | Construir | House |
| 0:03 | Construir | House |
| 0:19 | Crear | Villager (Male) |
| 0:19 | Crear | Villager (Male) |
| 0:19 | Crear | Villager (Male) |
| 1:25 | Crear | Villager (Male) |
| 1:25 | Crear | Villager (Male) |
| 1:32 | Crear | Villager (Male) |
| 1:32 | Crear | Villager (Male) |
| 2:00 | Crear | Villager (Male) |
| 2:00 | Crear | Villager (Male) |
| 2:10 | Construir | Lumber Camp |
| 2:11 | Crear | Villager (Male) |
| 2:11 | Crear | Villager (Male) |
| 2:52 | Crear | Villager (Male) |
| 2:52 | Crear | Villager (Male) |
| 2:53 | Crear | Villager (Male) |
| 3:15 | Construir | House |
| 3:27 | Construir | House |
| 3:30 | Crear | Villager (Male) |
| 3:30 | Crear | Villager (Male) |
| 3:35 | Crear | Villager (Male) |
| 3:58 | Construir | House |
| 4:07 | Crear | Villager (Male) |
| 4:08 | Crear | Villager (Male) |
| 4:29 | Crear | Villager (Male) |
| 4:51 | Crear | Villager (Male) |
| 4:51 | Crear | Villager (Male) |
| 4:56 | Crear | Villager (Male) |
| 4:56 | Crear | Villager (Male) |
| 5:05 | Construir | Mill |
| 5:40 | Crear | Villager (Male) |
| 5:40 | Crear | Villager (Male) |
| 5:40 | Crear | Villager (Male) |
| 5:40 | Crear | Villager (Male) |
| 5:46 | Investigar | Loom |
| 6:19 | Crear | Villager (Male) |
| 7:00 | Crear | Villager (Male) |
| 7:31 | Crear | Villager (Male) |
| 7:48 | Investigar | Feudal Age |
| 7:55 | Construir | Lumber Camp |
| 8:20 | Construir | Palisade Wall |
| 8:33 | Construir | Building 796 |
| 8:40 | Construir | Barracks |
| 8:47 | Construir | Palisade Wall |
| 9:30 | Construir | Palisade Wall |
| 9:39 | Construir | Palisade Wall |
| 9:51 | Construir | Palisade Wall |
| 10:05 | Crear | Villager (Male) |
| 10:06 | Edad | Edad Feudal |
| 10:17 | Construir | Market |
| 10:33 | Crear | Villager (Male) |
| 10:33 | Crear | Villager (Male) |
| 11:01 | Crear | Villager (Male) |
| 11:07 | Construir | Blacksmith |
| 11:14 | Construir | Palisade Wall |
| 11:17 | Crear | Villager (Male) |
| 11:23 | Construir | Farm |
| 11:23 | Crear | Villager (Male) |
| 11:34 | Crear | Villager (Male) |
| 11:42 | Investigar | Double-Bit Axe |
| 12:01 | Construir | House |
| 12:08 | Construir | Farm |
| 12:15 | Investigar | Horse Collar |
| 12:15 | Investigar | Horse Collar |
| 12:36 | Construir | Farm |
| 12:49 | Crear | Villager (Male) |
| 12:56 | Construir | Farm |
| 13:00 | Construir | Farm |
| 13:09 | Construir | Farm |
| 13:10 | Crear | Villager (Male) |
| 13:20 | Construir | Farm |
| 13:30 | Construir | House |
| 13:31 | Construir | House |
| 13:42 | Construir | Farm |
| 13:51 | Crear | Villager (Male) |
| 13:55 | Construir | Farm |
| 14:10 | Construir | Mining Camp |
| 14:12 | Crear | Villager (Male) |
| 14:15 | Construir | Farm |
| 14:26 | Construir | Farm |
| 14:30 | Construir | Farm |
| 14:31 | Crear | Villager (Male) |
| 14:44 | Crear | Villager (Male) |
| 14:57 | Crear | Villager (Male) |
| 15:01 | Construir | Farm |
| 15:03 | Construir | Farm |
| 15:07 | Construir | Farm |
| 15:10 | Construir | Farm |
| 15:21 | Construir | Farm |
| 15:22 | Crear | Villager (Male) |
| 15:26 | Construir | Farm |
| 15:32 | Construir | Farm |
| 15:46 | Construir | Farm |
| 16:05 | Construir | Farm |
| 16:25 | Crear | Villager (Male) |
| 16:33 | Construir | Mining Camp |
| 16:48 | Investigar | Castle Age |
| 16:49 | Investigar | Castle Age |
| 16:49 | Investigar | Castle Age |
| 17:05 | Crear | Spearman |
| 17:07 | Crear | Villager (Male) |
| 17:17 | Investigar | Gold Mining |
| 17:56 | Investigar | Fletching |
| 18:09 | Construir | House |
| 18:14 | Construir | House |
| 18:15 | Construir | House |
| 19:30 | Edad | Edad de los Castillos |
| 19:31 | Crear | Villager (Male) |
| 19:34 | Construir | House |
| 19:39 | Crear | Villager (Male) |
| 19:55 | Crear | Villager (Male) |
| 20:06 | Construir | Castle |
| 20:23 | Crear | Villager (Male) |
| 20:35 | Crear | Villager (Male) |
| 20:42 | Crear | Villager (Male) |
| 21:05 | Crear | Villager (Male) |
| 21:08 | Investigar | Bow Saw |
| 21:39 | Crear | Villager (Male) |
| 21:49 | Construir | Mining Camp |
| 21:52 | Crear | Ghulam |
| 21:53 | Crear | Ghulam |
| 21:54 | Crear | Ghulam |
| 21:54 | Crear | Ghulam |
| 21:54 | Crear | Ghulam |
| 22:12 | Investigar | Bodkin Arrow |
| 22:12 | Investigar | Padded Archer Armor |
| 22:23 | Crear | Ghulam |
| 22:24 | Crear | Ghulam |
| 22:52 | Crear | Ghulam |
| 22:53 | Crear | Ghulam |
| 22:53 | Crear | Ghulam |
| 23:29 | Crear | Villager (Male) |
| 23:29 | Crear | Villager (Male) |
| 23:52 | Construir | Siege Workshop |
| 23:57 | Crear | Ghulam |
| 23:57 | Crear | Ghulam |
| 23:57 | Crear | Ghulam |
| 24:08 | Crear | Ghulam |
| 24:08 | Crear | Ghulam |
| 24:08 | Crear | Ghulam |
| 24:10 | Crear | Villager (Male) |
| 24:10 | Crear | Villager (Male) |
| 24:21 | Crear | Villager (Male) |
| 24:25 | Crear | Villager (Male) |
| 24:26 | Crear | Villager (Male) |
| 24:41 | Crear | Mangonel |
| 24:41 | Crear | Mangonel |
Build order — Pulcoco
Primeras 150 de 319 acciones detectadas
| 0:01 | Crear | Villager (Male) |
| 0:01 | Crear | Villager (Male) |
| 0:01 | Crear | Villager (Male) |
| 0:01 | Crear | Villager (Male) |
| 0:02 | Construir | House |
| 0:04 | Construir | House |
| 1:28 | Crear | Villager (Male) |
| 1:29 | Crear | Villager (Male) |
| 1:29 | Crear | Villager (Male) |
| 1:54 | Construir | Lumber Camp |
| 1:58 | Crear | Villager (Male) |
| 1:59 | Crear | Villager (Male) |
| 2:21 | Crear | Villager (Male) |
| 2:22 | Crear | Villager (Male) |
| 2:52 | Crear | Villager (Male) |
| 2:52 | Crear | Villager (Male) |
| 3:10 | Construir | House |
| 3:11 | Construir | House |
| 3:23 | Crear | Villager (Male) |
| 3:41 | Crear | Villager (Male) |
| 4:11 | Crear | Villager (Male) |
| 4:39 | Crear | Villager (Male) |
| 4:39 | Crear | Villager (Male) |
| 4:52 | Construir | Mill |
| 5:26 | Crear | Villager (Male) |
| 5:43 | Crear | Villager (Male) |
| 6:13 | Crear | Villager (Male) |
| 6:40 | Construir | Barracks |
| 6:46 | Investigar | Loom |
| 7:16 | Investigar | Feudal Age |
| 7:16 | Investigar | Feudal Age |
| 7:49 | Crear | Militia |
| 7:49 | Crear | Militia |
| 7:49 | Crear | Militia |
| 8:12 | Crear | Militia |
| 8:20 | Construir | Mining Camp |
| 9:05 | Crear | Militia |
| 9:15 | Construir | House |
| 9:26 | Crear | Villager (Male) |
| 9:26 | Edad | Edad Feudal |
| 9:28 | Investigar | Man-at-Arms (upgrade) |
| 9:29 | Investigar | Man-at-Arms (upgrade) |
| 9:39 | Construir | Archery Range |
| 9:50 | Investigar | Double-Bit Axe |
| 10:18 | Crear | Villager (Male) |
| 10:18 | Crear | Villager (Male) |
| 10:23 | Construir | Farm |
| 10:25 | Construir | Farm |
| 11:02 | Crear | Villager (Male) |
| 11:03 | Crear | Villager (Male) |
| 11:06 | Construir | Farm |
| 11:09 | Construir | Farm |
| 11:12 | Construir | Farm |
| 11:13 | Crear | Villager (Male) |
| 11:37 | Construir | Farm |
| 11:39 | Construir | Farm |
| 11:40 | Crear | Villager (Male) |
| 11:52 | Construir | House |
| 11:53 | Construir | Palisade Wall |
| 12:09 | Investigar | Arson |
| 12:28 | Crear | Villager (Male) |
| 12:29 | Crear | Villager (Male) |
| 12:46 | Crear | Villager (Male) |
| 12:49 | Crear | Archer |
| 12:49 | Crear | Archer |
| 12:52 | Construir | Farm |
| 13:07 | Crear | Villager (Male) |
| 13:10 | Construir | Farm |
| 13:13 | Construir | Farm |
| 13:15 | Crear | Archer |
| 13:28 | Construir | Farm |
| 13:33 | Crear | Villager (Male) |
| 13:38 | Construir | House |
| 13:46 | Construir | Blacksmith |
| 13:49 | Crear | Villager (Male) |
| 13:51 | Crear | Archer |
| 14:19 | Crear | Villager (Male) |
| 14:24 | Construir | Farm |
| 14:31 | Construir | House |
| 14:33 | Construir | Palisade Wall |
| 14:57 | Crear | Villager (Male) |
| 15:01 | Construir | Farm |
| 15:03 | Construir | Farm |
| 15:15 | Investigar | Fletching |
| 15:25 | Construir | House |
| 15:31 | Crear | Villager (Male) |
| 15:37 | Crear | Villager (Male) |
| 16:13 | Construir | Farm |
| 16:29 | Construir | Market |
| 17:15 | Investigar | Castle Age |
| 17:15 | Investigar | Castle Age |
| 17:18 | Crear | Skirmisher |
| 17:19 | Crear | Skirmisher |
| 17:19 | Crear | Skirmisher |
| 17:24 | Construir | Archery Range |
| 18:21 | Construir | Lumber Camp |
| 18:23 | Crear | Archer |
| 18:26 | Crear | Skirmisher |
| 18:26 | Crear | Skirmisher |
| 18:41 | Construir | Farm |
| 18:49 | Investigar | Horse Collar |
| 18:49 | Investigar | Horse Collar |
| 19:00 | Crear | Archer |
| 19:03 | Crear | Skirmisher |
| 19:09 | Crear | Skirmisher |
| 19:11 | Investigar | Padded Archer Armor |
| 19:16 | Crear | Villager (Male) |
| 19:55 | Edad | Edad de los Castillos |
| 19:58 | Construir | House |
| 20:07 | Construir | Town Center |
| 20:12 | Investigar | Bow Saw |
| 20:12 | Crear | Villager (Male) |
| 20:23 | Crear | Skirmisher |
| 20:23 | Crear | Skirmisher |
| 20:23 | Crear | Skirmisher |
| 20:33 | Construir | House |
| 20:36 | Construir | House |
| 20:40 | Crear | Villager (Male) |
| 20:53 | Crear | Villager (Male) |
| 21:07 | Crear | Villager (Male) |
| 21:07 | Crear | Villager (Male) |
| 21:07 | Crear | Villager (Male) |
| 21:08 | Crear | Villager (Male) |
| 21:08 | Crear | Villager (Male) |
| 21:22 | Investigar | Elite Skirmisher (upgrade) |
| 21:22 | Crear | Skirmisher |
| 21:23 | Crear | Skirmisher |
| 21:23 | Crear | Skirmisher |
| 21:24 | Crear | Villager (Male) |
| 21:25 | Crear | Villager (Male) |
| 21:29 | Construir | House |
| 21:31 | Construir | Palisade Wall |
| 21:51 | Crear | Villager (Male) |
| 21:52 | Crear | Villager (Male) |
| 22:06 | Construir | Town Center |
| 22:14 | Investigar | Bodkin Arrow |
| 22:42 | Construir | University |
| 22:44 | Construir | House |
| 22:45 | Construir | House |
| 22:57 | Crear | Villager (Male) |
| 22:57 | Crear | Villager (Male) |
| 22:57 | Crear | Villager (Male) |
| 23:08 | Investigar | Stone Mining |
| 23:09 | Crear | Skirmisher |
| 23:09 | Crear | Skirmisher |
| 23:10 | Crear | Skirmisher |
| 23:51 | Crear | Villager (Male) |
| 23:52 | Crear | Villager (Male) |
| 23:52 | Crear | Villager (Male) |
| 23:52 | Crear | Villager (Male) |
Cronología de la partida
| 6:40 | Pulcoco · first_building Barracks |
| 8:11 | antho.siret · first_building Barracks |
| 8:20 | JDIV · wall_segment Palisade Wall x17 |
| 8:26 | antho.siret · wall_segment Palisade Wall x1 |
| 8:40 | JDIV · first_building Barracks |
| 8:47 | JDIV · wall_segment Palisade Wall x8 |
| 9:26 | Pulcoco · age_up feudal |
| 9:28 | antho.siret · age_up feudal |
| 9:30 | JDIV · wall_segment Palisade Wall x5 |
| 9:37 | antho.siret · first_building Archery Range |
| 9:39 | Pulcoco · first_building Archery Range |
| 9:39 | JDIV · wall_segment Palisade Wall x10 |
| 9:51 | JDIV · wall_segment Palisade Wall x7 |
| 10:06 | JDIV · age_up feudal |
| 10:19 | antho.siret · wall_segment Palisade Wall x9 |
| 11:14 | JDIV · wall_segment Palisade Wall x8 |
| 11:25 | Toco · wall_segment Palisade Wall x1 |
| 11:33 | Toco · age_up feudal |
| 11:53 | Pulcoco · wall_segment Palisade Wall x1 |
| 12:02 | antho.siret · wall_segment Palisade Wall x13 |
| 12:31 | Toco · first_market_sell 500 wood |
| 13:34 | Toco · first_market_buy 100 food |
| 13:37 | antho.siret · wall_segment Palisade Wall x10 |
| 14:33 | Pulcoco · wall_segment Palisade Wall x3 |
| 16:13 | JDIV · first_market_sell 100 wood |
| 16:29 | Toco · age_up castle |
| 16:31 | Toco · first_building Castle |
| 17:47 | JDIV · tribute_sent a jugador 1 |
| 17:47 | JDIV · tribute_sent a jugador 2 |
| 17:47 | JDIV · tribute_sent a jugador 4 |
| 18:05 | antho.siret · wall_segment Palisade Wall x8 |
| 18:58 | JDIV · first_market_buy 100 stone |
| 19:30 | JDIV · age_up castle |
| 19:39 | antho.siret · wall_segment Palisade Wall x8 |
| 19:46 | Pulcoco · first_market_sell 100 food |
| 19:46 | Pulcoco · first_market_buy 100 wood |
| 19:55 | Pulcoco · age_up castle |
| 20:06 | JDIV · first_building Castle |
| 21:14 | antho.siret · wall_segment Palisade Wall x8 |
| 21:31 | Pulcoco · wall_segment Palisade Wall x1 |
| 21:34 | antho.siret · age_up castle |
| 23:52 | JDIV · first_building Siege Workshop |
| 24:00 | Toco · first_building Siege Workshop |
| 26:37 | Pulcoco · first_building Monastery |
| 27:46 | Pulcoco · first_building Castle |
| 28:30 | antho.siret · first_building Siege Workshop |
| 30:10 | antho.siret · first_market_buy 100 food |
| 30:14 | antho.siret · first_market_sell 100 wood |
| 31:42 | JDIV · first_building Monastery |
| 32:00 | Pulcoco · age_up imperial |
| 32:15 | antho.siret · first_building Castle |
| 39:19 | Pulcoco · resign |
[ ANÁLISIS IA · 1 CRÉDITO ]
¿Qué pasó realmente en esta partida?
Wolo.gg analiza cada decisión: build order, eco, micro, errores típicos por bracket. Análisis personalizado por WhatsApp o Discord en 30 segundos.
Guía civ
Españoles
Guía mapa
Arabia
Perfil
Toco